 Dungeon Crawl Stone Soup version 0.18.1-48-g4cf74bf (webtiles) character file.

99 Doomgape the Ruffian (level 4, -7/42 HPs)
             Began as a Gargoyle Monk on July 20, 2016.
             Mangled by Sigmund
             ... wielding a +1 scythe of slicing
              (9 damage)
             ... on level 3 of the Dungeon.
             The game lasted 00:03:08 (1764 turns).

Doomgape the Ruffian (Gargoyle Monk)                Turns: 1764, Time: 00:03:09

Health: -7/42      AC:  5    Str: 20    XL:     4   Next: 72%
Magic:  4/4        EV: 12    Int: 11    God:
Gold:   65         SH:  0    Dex: 12    Spells: 0 memorised, 3 levels left

rFire  . . .     SeeInvis .       - Unarmed
rCold  . . .     Gourm    .     l - +0 robe
rNeg   + . .     Faith    .     (no shield)
rPois  ∞         Spirit   .     (no helmet)
rElec  +         Dismiss  .     (no cloak)
rCorr  .         Reflect  .     (no gloves)
SustAt .         Harm     .     (no boots)
MR     .....                    (no amulet)
Stlth  ..........               (no ring)
                                h - ring of wizardry

@: berserking (expiring), very quick, not resistant to hostile enchantments,
extremely unstealthy
A: negative energy resistance 1, electricity resistance, unbreathing,
petrification resistance, rot immunity, AC +3
a: no special abilities


You were on level 3 of the Dungeon.
You were hungry.

You visited 1 branch of the dungeon, and saw 3 of its levels.

You collected 65 gold pieces.

Inventory:

Armour
 l - a +0 robe (worn)
Jewellery
 h - a ring of wizardry (left hand)
Scrolls
 a - a scroll of teleportation {unknown}
 d - 7 scrolls of identify
 g - 3 scrolls of remove curse
Potions
 f - 2 potions of might {unknown}
 i - a potion of curing {unknown}
 j - a potion of ambrosia {unknown}
Comestibles
 b - a bread ration
 c - 2 beef jerkies


   Skills:
 - Level 3.2 Fighting
 - Level 2.4 Dodging
 - Level 2.1 Stealth
 + Level 5.9 Unarmed Combat


You had 3 spell levels left.
You didn't know any spells.

Dungeon Overview and Level Annotations

Branches:
Dungeon (3/15)

Altars:
Pakellas
The Shining One

Annotations:
D:3 Sigmund


Innate Abilities, Weirdness & Mutations

You are resistant to torment.
Your stone body is resilient (AC +3).
You are immune to poison.
You resist negative energy.
You are resistant to electric shocks.
You can survive without breathing.
You are immune to petrification.
You are immune to rotting.


Message History

You hit Sigmund.
Sigmund is lightly wounded.
You barely miss Sigmund.
Sigmund is lightly wounded.
Sigmund barely misses you.
You barely miss Sigmund.
Sigmund is lightly wounded.
The worm bites you but does no damage.
You closely miss Sigmund.
Sigmund is lightly wounded.
You punch Sigmund!
Sigmund is heavily wounded.
Sigmund hits you with a scythe of slicing!
* * * LOW HITPOINT WARNING * * *
x2 The worm closely misses you.
You barely miss Sigmund.
Sigmund is heavily wounded.
You are too berserk!
Sigmund hits you from afar with a scythe of slicing!
You die...

......... #..#
############## #.>#
#........### #.##
#......?...# #.#
#.....<....# #.#
#..........# #.#
#.......)..# #.#
#.........@####.#.#
.#.......!.w.@...#.#
.........#########.#
......./.'.........#
.........###########
.........#
#........#
#<........
#.######### #


You could see Sigmund and a worm.

Vanquished Creatures
  Jessica (D:2)
  A worker ant (D:3)
  An adder (D:2)
  A worm (D:2)
  A dart slug (D:2)
  A giant gecko (D:3)
  5 bats
  3 giant cockroaches
  4 goblins
  4 jackals (D:3)
  2 quokkas (D:3)
  2 giant newts
  7 kobolds
  4 rats
37 creatures vanquished.

Vanquished Creatures (others)
  A troll (D:2)
1 creature vanquished.

Grand Total: 38 creatures vanquished

Notes
Turn   | Place    | Note
--------------------------------------------------------------
     0 | D:1      | Doomgape the Gargoyle Monk began the quest for the Orb.
     0 | D:1      | Reached XP level 1. HP: 14/14 MP: 1/1
   541 | D:2      | Reached XP level 2. HP: 19/19 MP: 2/2
   942 | D:2      | Reached XP level 3. HP: 23/23 MP: 3/3
   952 | D:2      | Reached skill level 5 in Unarmed Combat
  1078 | D:2      | Noticed Jessica
  1091 | D:2      | Killed Jessica
  1308 | D:2      | Found an oddly glowing altar of Pakellas.
  1308 | D:2      | Noticed an orange crystal statue
  1309 | D:2      | Noticed a troll
  1310 | D:2      | Killed a troll
  1345 | D:3      | Reached XP level 4. HP: 28/28 MP: 4/4
  1701 | D:3      | Found a glowing golden altar of the Shining One.
  1736 | D:3      | Noticed Sigmund
  1762 | D:3      | HP: 2/42 [Sigmund/scythe of slicing (1)]
  1764 | D:3      | Mangled by Sigmund

Skill      XL: |  1  2  3 |
---------------+----------+-----
Unarmed Combat | 5 |  5.9
Fighting       | |  3.2
Dodging        | |  2.4
Stealth        | |  2.1

Action                   |  1- 3 |  4- 6 || total
-------------------------+-------+-------++-------
Melee: Unarmed           |    66 |    71 ||   137
       Punch             |     3 |     2 ||     5
  Use: Scroll            |     3 |       ||     3
       Potion            |       |     1 ||     1
 Stab: Sleeping          |     3 |     1 ||     4
  Eat: Chunk             |     1 |     1 ||     2
Armor: Robe              |    24 |    26 ||    50
Dodge: Dodged            |    37 |    35 ||    72
